 Dungeon Crawl Stone Soup version 0.29-a0-298-g3c90f9a769 (webtiles) character file.

Game seed: 7006156185359974769

71 Ajdolov the Covert (level 4, -8/41 HPs)
             Began as a Gnoll Delver on Mar 23, 2022.
             Was an Initiate of Ru.
             Killed from afar by a white imp (9 damage)
             ... with a puff of frost
             ... summoned by Natasha
             ... on level 2 of the Dungeon.
             The game lasted 00:01:45 (1083 turns).

Ajdolov the Covert (Gnoll Delver)                   Turns: 1083, Time: 00:01:45

Health: -8/41      AC:  3    Str: 11    XL:     4   Next: 24%
Magic:  5/5        EV: 13    Int:  9    God:    Ru [......]
Gold:   98         SH:  0    Dex: 16    Spells: 5/5 levels left

rFire   . . .      SeeInvis .   a - +0 falchion
rCold   . . .      Faith    .   (no shield)
rNeg    . . .      Spirit   .   b - +0 leather armour
rPois   .          Reflect  .   (no helmet)
rElec   .          Harm     .   (no cloak)
rCorr   .          Rampage  .   (no gloves)
Will    .....                   (no boots)
Stlth   ++++......              (no amulet)
HPRegen 0.13/turn               (no ring)
MPRegen 0.09/turn               (no ring)

@: hasted and slowed
A: fangs 1, strong nose, distributed training
a: Renounce Religion


You were on level 2 of the Dungeon.
You worshipped Ru.
Ru was noncommittal.
You visited 1 branch of the dungeon, and saw 4 of its levels.

You collected 98 gold pieces.

Inventory:

Hand Weapons
 a - a +0 falchion (weapon)
Armour
 b - a +0 leather armour (worn)
Wands
 g - a wand of digging (3)
Scrolls
 c - a scroll of fog
 d - a scroll of magic mapping
 e - a scroll of fear
 h - a scroll of noise {unknown}
 j - 2 scrolls of silence {unknown}
 k - a scroll of amnesia {unknown}
 l - a scroll of teleportation {unknown}
Potions
 i - a potion of heal wounds {unknown}


   Skills:
 + Level 6.6 Fighting
 + Level 1.1 Short Blades
 + Level 4.6 Long Blades
 + Level 1.1 Axes
 + Level 1.1 Maces & Flails
 + Level 1.1 Polearms
 + Level 1.1 Staves
 + Level 1.1 Slings
 + Level 1.1 Bows
 + Level 1.1 Crossbows
 + Level 1.1 Throwing
 + Level 1.1 Armour
 + Level 4.6 Dodging
 + Level 9.6 Stealth
 + Level 1.1 Shields
 + Level 1.1 Unarmed Combat
 + Level 1.1 Spellcasting
 + Level 0.8 Conjurations
 + Level 0.8 Hexes
 + Level 0.8 Summonings
 + Level 0.8 Necromancy
 + Level 0.8 Translocations
 + Level 0.8 Transmutations
 + Level 0.8 Fire Magic
 + Level 0.8 Ice Magic
 + Level 0.8 Air Magic
 + Level 0.8 Earth Magic
 + Level 0.8 Poison Magic
 + Level 1.2 Invocations
 + Level 1.1 Evocations


You had 5 spell levels left.
You didn't know any spells.
Your spell library contained the following spells:

 Spells                   Type           Power      Damage    Failure   Level
 Stone Arrow              Conj/Erth      4%         3d7       71%         3
 Animate Armour           Summ/Erth      4%         N/A       98%         4
 Lehudib's Crystal Spear  Conj/Erth      1%         10d2      100%        8


Dungeon Overview and Level Annotations

Branches:
Dungeon (5/15)
 Temple: D:4-7

Altars:
Ru

Annotations:
D:2 1 runed translucent door, Crazy Yiuf, Natasha


Innate Abilities, Weirdness & Mutations

You have very sharp teeth.
Your uncanny sense of smell can sniff out nearby items.
Your experience applies equally to all skills.


Message History

You feel yourself speed up.
Natasha extends her claws.
Natasha closely misses you. Natasha claws you.
You hit Natasha but do no damage.
Natasha is lightly wounded.
Natasha mumbles some strange words.
You completely miss Natasha.
Natasha is lightly wounded.
Natasha closely misses you.
You hit Natasha.
Natasha is moderately wounded.
Natasha misses you. The white imp completely misses you.
Unknown command.
You barely miss Natasha.
Natasha is moderately wounded.
Natasha casts a spell at you.
You feel as though you will be slow longer.
The white imp hits you.
* * * LOW HITPOINT WARNING * * *
The white imp freezes you.
* * * LOW HITPOINT WARNING * * *
You closely miss Natasha.
Natasha is moderately wounded.
Natasha mumbles some strange words.
The white imp gestures at you. The puff of frost misses you.
Unknown command.
You barely miss Natasha.
Natasha is moderately wounded.
Natasha barely misses you. The white imp closely misses you.
The shadow imp hits you.
* * * LOW HITPOINT WARNING * * *
Unknown command.
You hit Natasha.
Natasha is heavily wounded.
Natasha stares at you and mumbles some strange words.
The magic dart hits you.
* * * LOW HITPOINT WARNING * * *
The white imp gestures at you. The puff of frost hits you!
You die...

#.###..### .. #. #........[... #.
#........#..# ##.##........#..#
###......##....#..#
#.................#
#.#..#.#......h##.#
###.#..#.#.....5@##.#
.......)........5##.##♣♣ ##
.##.#.##.#..........#..♣♣ ♣♣#..)
.##>#............#.....P♣♣♣♣.+..g
.........#.......##....P.♣..♣#...
.#.##.####.......####...♣.♣♣♣ ##
......# #.......#####♣♣♣♣♣
#[##### ###...####.# .....# #...#
#.# ###########


You could see Natasha, a white imp (summoned) and a shadow imp (summoned).

Vanquished Creatures
  Natasha (D:2)
  An adder (D:2)
  2 worms (D:2)
  A dart slug (D:2)
  An orc (D:4)
  A ball python (D:2)
  4 goblins (D:2)
  A hobgoblin (D:2)
  6 jackals (D:2)
  3 kobolds
  A quokka (D:2)
  3 bats
  A frilled lizard (D:2)
  A rat (D:2)
27 creatures vanquished.

Notes
Turn   | Place    | Note
-------+----------+-------------------------------------------
     0 | D:5      | Reached skill level 9 in Stealth
     0 | D:5      | Ajdolov the Gnoll Delver began the quest for the Orb.
     0 | D:5      | Reached XP level 1. HP: 23/23 MP: 1/1
     5 | D:5      | Found a sacrificial altar of Ru.
    13 | D:5      | Became a worshipper of Ru the Awakened
    24 | D:5      | Noticed a scorpion
   145 | D:2      | Reached XP level 2. HP: 29/29 MP: 2/2
   316 | D:2      | Reached XP level 3. HP: 35/35 MP: 3/3
   361 | D:2      | Noticed Natasha
   376 | D:2      | Killed Natasha
   377 | D:2      | Reached skill level 1 in Short Blades
   377 | D:2      | Reached skill level 1 in Axes
   377 | D:2      | Reached skill level 1 in Maces & Flails
   377 | D:2      | Reached skill level 1 in Polearms
   377 | D:2      | Reached skill level 1 in Staves
   377 | D:2      | Reached skill level 1 in Slings
   377 | D:2      | Reached skill level 1 in Bows
   377 | D:2      | Reached skill level 1 in Crossbows
   377 | D:2      | Reached skill level 1 in Throwing
   377 | D:2      | Reached skill level 1 in Armour
   377 | D:2      | Reached skill level 1 in Shields
   377 | D:2      | Reached skill level 1 in Unarmed Combat
   377 | D:2      | Reached skill level 1 in Spellcasting
   377 | D:2      | Reached skill level 1 in Invocations
   377 | D:2      | Reached skill level 1 in Evocations
   593 | D:2      | Reached XP level 4. HP: 26/41 MP: 5/5
   928 | D:2      | Noticed Natasha
  1055 | D:2      | Found a runed translucent door.
  1056 | D:2      | Noticed Crazy Yiuf
  1083 | D:2      | HP: 1/41 [Natasha/magic dart (4)]
  1083 | D:2      | Killed from afar by a white imp

Illustrated notes

Levels and vault maps discovered:
D:2:      layout_loops_cross, hellmonk_ecumenical_altar_lost_god, uniq_jessica,
          uniq_crazy_yiuf_cottage, uniq_natasha
D:3:      layout_rooms, zin_purify
D:4:      layout_basic, mainiacjoe_overflow_swirl,
          mainiacjoe_overflow_catch_the_wave, dreamdust_princess_corridor,
          minivault_26, grunt_decor_junction
D:5:      layout_basic, nicolae_ru_path_of_blood, kennysheep_mini,
          temple_pool_b, chequers_ossuary_entry_cave, minmay_misc_feat_alley

Skill      XL: |  1  2  3 |
---------------+----------+-----
Stealth        | |  9.6
Short Blades   | 1 |  1.1
Axes           | 1 |  1.1
Maces & Flails | 1 |  1.1
Polearms       | 1 |  1.1
Staves         | 1 |  1.1
Slings         | 1 |  1.1
Bows           | 1 |  1.1
Crossbows      | 1 |  1.1
Throwing       | 1 |  1.1
Armour         | 1 |  1.1
Shields        | 1 |  1.1
Unarmed Combat | 1 |  1.1
Spellcasting   | 1 |  1.1
Invocations    | 1 |  1.2
Evocations     | 1 |  1.1
Fighting       | |  6.6
Long Blades    | |  4.6
Dodging        | |  4.6
Conjurations   | |  0.8
Hexes          | |  0.8
Summonings     | |  0.8
Necromancy     | |  0.8
Translocations | |  0.8
Transmutations | |  0.8
Fire Magic     | |  0.8
Ice Magic      | |  0.8
Air Magic      | |  0.8
Earth Magic    | |  0.8
Poison Magic   | |  0.8

Action                   |  1- 3 |  4- 6 || total
-------------------------+-------+-------++-------
Melee: Falchion          |    67 |    32 ||    99
       Bite              |     3 |     1 ||     4
       Punch             |     3 |     1 ||     4
  Use: Potion            |       |     1 ||     1
 Stab: Sleeping          |     5 |     1 ||     6
Armor: Leather armour    |    16 |     2 ||    18
Dodge: Dodged            |    44 |    21 ||    65

Table legend: (Time is in decaauts)
 A = Elapsed time spent in this place.
 B = Non-inter-level travel time spent in this place.
 C = Inter-level travel time spent in this place.
 D = Time resting spent in this place.
 E = Time spent auto-exploring this place.
 F = Levels seen in this place.
 G = Mean time per level.
                   A        B        C        D        E       F      G
               +--------+--------+--------+--------+--------+-----+--------+
         Total |   1091 |   1091 |      0 |    336 |    446 |   4 |  272.8 |
       Dungeon |   1091 |   1091 |      0 |    336 |    446 |   4 |  272.8 |
               +--------+--------+--------+--------+--------+-----+--------+

Top non-repeatable levels by time:
     D:2: 952 daAuts
     D:3: 68 daAuts
     D:4: 41 daAuts
     D:5: 30 daAuts
